 Dungeon Sprint DCSS version bcrawl-1.17.3 (webtiles) character file.

Game seed: 4902640967660088113

1195 esc the Covert (level 8, -6/45 HPs)
             Began as a Spriggan Enchanter on Oct 25, 2019.
             Was an Initiate of Dithmenos.
             Killed by an exploding ballistomycete spore (17 damage)
             ... in the Dungeon (Sprint I: "Red Sonja").
             The game lasted 00:04:38 (306 turns).

esc the Covert (Spriggan Enchanter)                  Turns: 306, Time: 00:04:38

Health: -6/45      AC:  2    Str:  4    XL:     8   Next: 20%
Magic:  22/22      EV: 26    Int: 18    God:    Dithmenos [......]
Gold:   405        SH:  0    Dex: 17    Spells: 17/26 levels left

rFire    . . .     SeeInvis +   l - +2 dagger (venom)
rCold    . . .     Gourm    .   (shield restricted)
rNeg     . . .     Faith    .   b - +0 robe
rPois    .         Spirit   .   (helmet restricted)
rElec    .         Reflect  .   (no cloak)
rCorr    .         Harm     .   (gloves unavailable)
MR       +....     NoTele   +   (boots unavailable)
Stlth    ++........             (no amulet)
HPRegen  0.15/turn              (no ring)
MPRegen  0.18/turn              (no ring)

@: confused, very quick
A: very small, unfitting armour, see invisible, herbivore, speed 3, slow
metabolism 2
a: Renounce Religion


You were in the Dungeon.
You worshipped Dithmenos.
Dithmenos was noncommittal.
You were not hungry.

You visited 1 branch You collected 405 gold pieces.

Inventory:

Hand Weapons
 a - a +1 dagger
 l - a +2 dagger of venom (weapon)
 m - a +0 hunting sling
 p - a +0 blowgun
 q - a +2 short sword of distortion
Missiles
 n - 125 sling bullets
 r - 16 curare-tipped needles
Armour
 b - a +0 robe (worn)
Wands
 c - a wand of polymorph (14)
Scrolls
 d - a scroll of fog
 k - a scroll of blinking
Potions
 e - a potion of curing
 g - a potion of heal wounds
 h - 2 potions of haste
 i - 3 potions of magic
 j - a potion of berserk rage
 o - a potion of cancellation {unknown}
Comestibles
 f - a ration {!d}


   Skills:
 + Level 6.4 Fighting
 + Level 8.3 Short Blades
 + Level 10.4 Dodging
 + Level 11.7 Stealth
 + Level 9.7 Spellcasting
 + Level 10.1 Hexes


You had 17 spell levels left.
You knew the following spells:

 Your Spells              Type           Power        Failure   Level  Hunger
a - Corona                Hex            #####..      1%          1    None
b - Ensorcelled Hibernat  Hex/Ice        ####..       1%          2    None
c - Confuse               Hex            #####...     1%          3    None
d - Dazzling Spray        Conj/Hex       ####..       3%          3    None

Your spell library contained the following spells:

 Spells                   Type           Power        Failure   Level  Hunger
 Tukima's Dance           Hex            #####...     1%          3    None


Dungeon Overview and Level Annotations

Branches:
Dungeon (1/1)

Altars:
Cheibriados
Dithmenos
Elyvilon
Fedhas
Gozag
Hepliaklqana
Kikubaaqudgha
Lugonu
Makhleb
Nemelex Xobeh
Okawaru
Qazlal
Ru
Sif Muna
Trog
Uskayaw
Vehumet
Wu Jian
Xom
Yredelemnul
Zin
The Shining One
Jiyva

Shops:
D ?


Innate Abilities, Weirdness & Mutations

You are very small and have problems with some larger weapons.
You are too small for most types of armour.
You have supernaturally acute eyesight. (SInv)
You are a herbivore.
You cover ground extremely quickly.
You need to consume almost no food.


Message History

r - 16 curare-tipped needles You now have 324 gold pieces (gained 27).
You now have 351 gold pieces (gained 27).
You now have 378 gold pieces (gained 27).
You now have 405 gold pieces (gained 27).
You see here the kobold corpse of Sonja.
Okay, then.
You open the door. 2 ballistomycete spores come into view.
The ballistomycete spore waves its rhizomes.
The ballistomycete spore explodes!
The explosion of spores engulfs the ballistomycete spore.
The ballistomycete spore explodes!
The explosion of spores engulfs you!
You are confused.
Ouch! That really hurt!
* * * LOW HITPOINT WARNING * * *
The explosion of spores engulfs you!
You are more confused.
You die...

#..#__####..##(#
#..#_____##'#_.+
#⌠⌠#_.∩...'..._#
####_..__##_.#'#
#_____###'#[#
#########.###
+...+ #.†.#
##@## #'# !$!


$))[$ ####### There were no monsters in sight!

Vanquished Creatures
  Sonja (D)
  A slime creature (D)
  Sigmund (D)
  A yak (D)
  An ogre (D)
  A jelly (D)
  Ijyb (D)
7 creatures vanquished.

Vanquished Creatures (others)
  A ballistomycete spore (D)
1 creature vanquished.

Grand Total: 8 creatures vanquished

Notes
Turn   | Place    | Note
-------+----------+-------------------------------------------
     0 | D        | esc the Spriggan Enchanter began the quest for the Orb.
     0 | D        | Reached XP level 1. HP: 9/9 MP: 5/5
     1 | D        | Noticed Ijyb
    11 | D        | Killed Ijyb
    11 | D        | Reached skill level 5 in Hexes
    11 | D        | Reached XP level 2. HP: 16/16 MP: 5/8
    42 | D        | Learned a level 2 spell: Ensorcelled Hibernation
    42 | D        | Noticed an ogre
   122 | D        | Killed an ogre
   122 | D        | Reached skill level 6 in Stealth
   122 | D        | Reached skill level 5 in Spellcasting
   122 | D        | Reached XP level 3. HP: 20/20 MP: 4/11
   122 | D        | Reached XP level 4. HP: 24/24 MP: 4/12
   187 | D        | Noticed Sigmund
   190 | D        | Killed Sigmund
   190 | D        | Reached skill level 5 in Short Blades
   190 | D        | Reached skill level 8 in Stealth
   190 | D        | Reached XP level 5. HP: 30/30 MP: 12/15
   197 | D        | Learned a level 3 spell: Confuse
   201 | D        | Learned a level 3 spell: Dazzling Spray
   222 | D        | Found an ornate altar of the Wu Jian Council.
   222 | D        | Found a shimmering blue altar of Sif Muna.
   224 | D        | Found a radiant altar of Vehumet.
   228 | D        | Reached XP level 6. HP: 34/34 MP: 17/17
   249 | D        | Found Dixtam's Magic Scroll Emporium.
   249 | D        | Found an ancient bone altar of Kikubaaqudgha.
   249 | D        | Found a hazy altar of Hepliaklqana.
   249 | D        | Found a stormy altar of Qazlal.
   249 | D        | Found a hide-covered altar of Uskayaw.
   249 | D        | Found a blossoming altar of Fedhas.
   249 | D        | Found a bloodstained altar of Trog.
   249 | D        | Found an iron altar of Okawaru.
   249 | D        | Found a basalt altar of Yredelemnul.
   249 | D        | Found a glowing golden altar of the Shining One.
   249 | D        | Found a snail-covered altar of Cheibriados.
   249 | D        | Found a sacrificial altar of Ru.
   249 | D        | Found a glowing silver altar of Zin.
   249 | D        | Found a shadowy altar of Dithmenos.
   249 | D        | Found a white marble altar of Elyvilon.
   249 | D        | Noticed a yak
   250 | D        | Found an opulent altar of Gozag.
   251 | D        | Killed a yak
   251 | D        | Reached skill level 5 in Fighting
   251 | D        | Reached skill level 9 in Stealth
   252 | D        | Found a sparkling altar of Nemelex Xobeh.
   263 | D        | Became a worshipper of Dithmenos the Shadowed
   276 | D        | Found a viscous altar of Jiyva.
   276 | D        | Found a corrupted altar of Lugonu.
   276 | D        | Noticed a slime creature
   277 | D        | Found a burning altar of Makhleb.
   277 | D        | Found a shimmering altar of Xom.
   279 | D        | Killed a slime creature
   279 | D        | Reached skill level 10 in Stealth
   279 | D        | Reached XP level 7. HP: 39/39 MP: 20/20
   287 | D        | Noticed Sonja
   291 | D        | Killed Sonja
   291 | D        | Reached skill level 10 in Dodging
   291 | D        | Reached skill level 11 in Stealth
   291 | D        | Reached skill level 10 in Hexes
   291 | D        | Reached XP level 8. HP: 45/45 MP: 20/22
   306 | D        | Killed by an exploding ballistomycete spore

Skill      XL: |  1  2  3  4  5  6  7 |
---------------+----------------------+-----
Fighting       | 2 3 4 5 6 |  6.4
Spellcasting   | 4 5 7 8 9 |  9.7
Hexes          | 5 6 7 9 10 | 10.1
Short Blades   | 3 5 7 8 |  8.3
Dodging        | 4 6 7 8 10 | 10.4
Stealth        | 6 8 10 11 | 11.7

Action                   |  1- 3 |  4- 6 |  7- 9 || total
-------------------------+-------+-------+-------++-------
Melee: Dagger            |     7 |     4 |     1 ||    12
       Unarmed           |     2 |       |       ||     2
 Cast: Ensorcelled Hiber |     6 |       |       ||     6
 Stab: Sleeping          |     2 |     4 |     1 ||     7
Armor: Robe              |     1 |       |       ||     1
Dodge: Dodged            |     6 |       |       ||     6
